AoeStats
← BassAuthor12765

Black Forest

510958516Analyzed
4v4 RM · 5h ago on Oct 3, 2026· 23m 54s· 8 players
Game mode
Random Map
Map size
Large (8 player)
Population
200
Speed
Normal
Resources
Standard
Victory
Conquest
Starting age
Dark Age
Ending age
Imperial Age
RankedLock teamsTeams togetherTeam positionsShared explorationLock speedFull tech treeHidden civsTurbo modeCheats
Victory
Defeat
🇮🇳 Cumans · India
1624
+6
🇮🇳 Japanese · India
1404
+13
1368
+14
🇮🇳 Danes · India
1035
+76
🇦🇷 Franks · Argentina
1356
-15
🇨🇳 Britons · China
1329
-15
🇨🇦 Spanish · Canada
1326
-15
🇪🇸 Persians · Spain
1324
-15
Nomore
1:23 Loom
15:41 Feudal Age
16:50 Double-Bit Axe
19:53 Horse Collar
CARANZA
3:34 Loom
12:01 Feudal Age
12:27 Double-Bit Axe
16:19 Castle Age
14:22 Horse Collar
18:34 Wheelbarrow
22:41 Bloodlines
Bugzy
0:48 Loom
11:40 Feudal Age
16:33 Castle Age
14:28 Double-Bit Axe
felixaleman1010
10:29 Loom
12:15 Feudal Age
13:48 Double-Bit Axe
16:14 Castle Age
14:47 Stone Mining
15:07 Gold Mining
23
1:39 Loom
13:24 Feudal Age
13:36 Man-at-Arms
14:42 Double-Bit Axe
14:38 Horse Collar
21:32 Castle Age
21:12 Scale Mail Armor
21:12 Stone Mining
21:41 Long Swordsman
23:32 Forging
漠北万丈孤烟长河落日圆
10:28 Feudal Age
10:54 Double-Bit Axe
11:14 Horse Collar
14:08 Bloodlines
21:21 Castle Age
20:08 Scale Barding Armor
20:13 Forging
20:08 Scale Barding Armor
20:13 Forging
22:47 Gold Mining
23:10 Bow Saw
23:04 Heavy Plow
24:54 Wheelbarrow
BassAuthor12765
9:37 Loom
14:32 Feudal Age
18:24 Castle Age
16:13 Double-Bit Axe
18:13 Horse Collar
20:49 Bow Saw
ntn88
1:03 Loom
10:36 Feudal Age
11:33 Double-Bit Axe
11:48 Horse Collar
15:41 Wheelbarrow
21:11 Castle Age
19:36 Fletching
20:45 Gold Mining
22:00 Bodkin Arrow
25:24 Imperial Age
23:29 Bodkin Arrow
24:16 Bow Saw
Connection lost

Rejoining the realm…

Still unreachable

The connection could not be restored.

Session expired

The server has moved on; the page needs a fresh start.